[Event "Team 45 45 League T37"]
[Site "Internet Chess Club"]
[Date "2008.05.24"]
[Round "5"]
[White "PsyMar"]
[Black "wekabird"]
[Result "0-1"]
[WhiteElo "1180"]
[BlackElo "1329"]
[Opening "Caro-Kann: classical variation"]
[ECO "B18"]
[Time "19:00:11"]
[TimeControl "2700+45"]

1. e4 c6 2. d4 d5 3. Nc3 dxe4 4. Nxe4 Bf5 5. Ng3 Bg6 6. Bd3 Bxd3 7. Qxd3 h6 8.
Nf3 Nf6 9. O-O e6 10. Ne5 Be7 11. Qf3 Qxd4 12. Re1 O-O 13. Nh5 Nxh5 14. Qxh5 Qh4
15. Qxh4 Bxh4 16. g3 Bg5 17. Bxg5 hxg5 18. Rad1 Na6 19. c4 Nc5 20. Nd7 Nxd7 21.
Rxd7 b6 22. b4 Rfd8 23. Rxd8+ Rxd8 24. a4 Rd4 25. Rc1 a6 26. b5 axb5 27. axb5 c5
28. Kg2 e5 29. Kf3 e4+ 30. Kg4 f6 31. Kf5 Kf7 32. Re1 g6+ 33. Kg4 e3+ 34. Kf3
exf2 35. Kxf2 Rxc4 36. h4 gxh4 37. gxh4 Rxh4 38. Kg3 Rb4 39. Rd1 Rxb5 40. Rd6 c4
41. Rc6 Rb3+ 42. Kf2 c3 43. Ke2 b5 44. Kd3 b4 45. Kc2 Rb2+ 46. Kd3 Rd2+ 47. Ke3
g5 48. Rc4 Rb2 49. Kd3 c2 50. Kd2 b3 51. Kd3 Rb1 52. Kd2 c1=Q+ 53. Rxc1 Rxc1 54.
Kxc1 f5 55. Kb2 Ke6 56. Kxb3 Ke5 57. Kc2 Ke4 58. Kd2 f4 59. Ke2 g4 60. Kf1 g3
61. Kg2 Ke3 62. Kh3 Kf2 63. Kg4 f3 64. Kh3 g2 65. Kh2 g1=Q+ 66. Kh3 Qg2+ 67. Kh4
Ke2 68. Kh5 f2 69. Kh6 f1=Q 70. Kh7 Qfh1# {White checkmated} 0-1

[Event "Team 45 45 League T37"]
[Site "Internet Chess Club"]
[Date "2008.05.28"]
[Round "5"]
[White "beerss"]
[Black "Mutaant"]
[Result "0-1"]
[WhiteElo "1471"]
[BlackElo "1399"]
[Opening "Bird's opening"]
[ECO "A02"]
[Time "20:07:32"]
[TimeControl "2700+45"]

1. f4 Nc6 2. Nf3 d5 3. e3 Bg4 4. Bb5 a6 5. Bxc6+ bxc6 6. O-O e6 7. Qe1 Nf6 8.
Ne5 Bf5 9. d3 c5 10. b3 Nd7 11. Bb2 Nxe5 12. Bxe5 f6 13. Bb2 Bg6 14. Nd2 Bd6 15.
Nf3 O-O 16. Nh4 Bf7 17. Kh1 Qb8 18. Qg3 Be7 19. Rab1 a5 20. a4 Qb4 21. f5 e5 22.
Nf3 Bd6 23. Qf2 c4 24. bxc4 dxc4 25. Bxe5 Qc5 26. Bd4 Qc6 27. Nh4 Qxa4 28. dxc4
Bxc4 29. Rfe1 Ba2 30. Ra1 Qc4 31. c3 Bb3 32. Nf3 c5 33. Nd2 Qf7 34. Bxf6 gxf6
35. Nxb3 Qxb3 36. Qf3 Qxc3 37. Qd5+ Kh8 38. Qxd6 Rfe8 39. Rac1 Qe5 40. Qd3 a4
41. h3 Red8 42. Qc2 a3 43. e4 Rd4 44. Ra1 Rb4 45. Rec1 Ra5 46. Qd2 Raa4 47. Qh6
Qe7 48. Re1 Rxe4 49. Rxe4 Rxe4 50. Qc1 Re5 51. Qxa3 Rxf5 52. Rd1 Re5 53. Qc3 Kg7
54. Rf1 Qe6 55. Qg3+ Rg5 56. Qa3 Qc6 57. Rg1 c4 58. Qe7+ Kg6 59. Qf8 Qe6 60. Rc1
Re5 61. Qb4 Re4 62. Qc3 Qc6 63. Qg3+ Kf7 64. Qf3 Qe6 65. Qh5+ Kf8 66. Qxh7 Re1+
67. Rxe1 Qxe1+ 68. Kh2 c3 69. Qh6+ Ke7 70. Qg7+ Ke6 71. Qg4+ Kd5 72. Qf5+ Qe5+
73. Qxe5+ fxe5 74. h4 c2 75. h5 c1=Q 76. h6 Qxh6+ 77. Kg1 Qf4 78. g3 Qxg3+ 79.
Kf1 Qh2 80. Ke1 Kd4 81. Kd1 Kd3 82. Kc1 Qc2# {White checkmated} 0-1

[Event "Team 45 45 League T37"]
[Site "Internet Chess Club"]
[Date "2008.05.23"]
[Round "5"]
[White "N20863"]
[Black "moreffee"]
[Result "0-1"]
[WhiteElo "1260"]
[BlackElo "1265"]
[Opening "Sicilian"]
[ECO "B50"]
[Time "14:01:32"]
[TimeControl "2700+45"]

1. e4 c5 2. Nf3 d6 3. Bc4 e6 4. O-O Nf6 5. Nc3 a6 6. d3 Be7 7. Bd2 Nc6 8. Qe2
O-O 9. e5 dxe5 10. Nxe5 Nd4 11. Qd1 Bd6 12. Nf3 b5 13. Bb3 Bb7 14. Nxd4 cxd4 15.
Ne2 Ng4 16. h3 Bh2+ 17. Kh1 Qh4 18. Bf4 Qxh3 19. f3 Qh4 20. fxg4 Bg3+ 21. Kg1
Qh2# {White checkmated} 0-1

[Event "Team 45 45 League T37"]
[Site "Internet Chess Club"]
[Date "2008.05.23"]
[Round "5"]
[White "seldredg"]
[Black "kjs110"]
[Result "1-0"]
[WhiteElo "1327"]
[BlackElo "1095"]
[Opening "English orang-utan"]
[ECO "A15"]
[Time "12:59:05"]
[TimeControl "2700+45"]

1. c4 Nf6 2. b4 g6 3. Bb2 Bg7 4. Nf3 O-O 5. e3 Nc6 6. Be2 Nxb4 7. a3 Nc6 8. O-O
d5 9. h3 Re8 10. d4 Ne4 11. Nbd2 e5 12. cxd5 Qxd5 13. Bc4 Qd7 14. Nxe4 exd4 15.
Neg5 dxe3 16. Bxf7+ Kh8 17. Bxg7+ Kxg7 18. Bxe8 Qxe8 19. Qe2 exf2+ 20. Qxf2 Bf5
21. Rad1 Ne7 22. Qb2+ Kh6 23. Ne6 Bxe6 24. Qd2+ Kg7 25. Qd4+ Kg8 26. Ng5 Nf5 27.
Qc3 Rc8 28. Nxe6 Qxe6 29. Rfe1 Qc6 30. Qxc6 bxc6 31. Rc1 Nd4 32. Re4 Nb5 33. a4
Nd6 34. Re7 Nf5 35. Rd7 Ne3 36. Rxc6 Rf8 37. Rcxc7 Rf1+ 38. Kh2 Rf7 39. Rxf7
{Black resigns} 1-0

[Event "Team 45 45 League T37"]
[Site "Internet Chess Club"]
[Date "2008.05.23"]
[Round "5"]
[White "yatiba"]
[Black "Philly-Boy"]
[Result "0-1"]
[WhiteElo "1692"]
[BlackElo "1847"]
[Opening "Scandinavian defense"]
[ECO "B01"]
[Time "17:04:29"]
[TimeControl "2700+45"]

1. e4 d5 2. exd5 Nf6 3. Nc3 Nxd5 4. Bc4 Nb6 5. Bb3 a5 6. a4 Nc6 7. Qh5 e6 8. Nf3
g6 9. Qb5 Bd7 10. Qe2 Bg7 11. d3 O-O 12. Be3 e5 13. Ne4 Nd4 14. Nxd4 exd4 15.
Bg5 Qe8 16. O-O Kh8 17. Qd2 Bxa4 18. Rfe1 Bxb3 19. cxb3 Qb5 20. Nf6 Qf5 21. Ne4
Rfe8 22. Rec1 c6 23. Rc5 Re5 24. Rxe5 Qxe5 25. b4 a4 26. Nc5 Re8 27. Bf4 Qe2 28.
Qxe2 Rxe2 29. Rb1 Nd5 30. Bg3 Nxb4 31. Nxa4 Nxd3 32. Kf1 Rc2 33. b4 f5 34. Rd1
Rc1 35. Rxc1 Nxc1 36. Bd6 Kg8 37. Nc5 b6 38. Ne6 d3 39. Bf4 Nb3 40. Nxg7 Kxg7
41. Ke1 d2+ 42. Bxd2 Nxd2 43. Kxd2 Kf6 44. f4 Ke6 45. Kd3 Kd5 46. g3 h6 47. h3
g5 48. fxg5 hxg5 49. h4 gxh4 50. gxh4 Ke5 51. Ke3 c5 52. bxc5 bxc5 53. h5 Kf6
54. h6 c4 55. Kd4 Kg6 56. Kxc4 Kxh6 57. Kd4 Kg5 58. Ke3 Kg4 59. Kf2 Kf4 60. Ke2
Kg3 61. Kf1 f4 62. Kg1 Kf3 63. Kf1 Ke3 64. Ke1 f3 65. Kf1 f2 {White resigns} 0-1

[Event "Team 45 45 League T37"]
[Site "Internet Chess Club"]
[Date "2008.05.22"]
[Round "5"]
[White "BrerRabbit"]
[Black "GoIrish"]
[Result "1/2-1/2"]
[WhiteElo "1610"]
[BlackElo "1611"]
[Opening "King's Indian: Petrosian system, main line"]
[ECO "E93"]
[Time "20:32:32"]
[TimeControl "2700+45"]

1. d4 Nf6 2. c4 g6 3. Nc3 Bg7 4. e4 d6 5. Be2 O-O 6. Nf3 e5 7. d5 Nbd7 8. O-O
Nc5 9. Qc2 Nh5 10. b4 Nd7 11. Bg5 f6 12. Be3 a6 13. Nd2 Nf4 14. Bf3 f5 15. Nb3
fxe4 16. Nxe4 Nf6 17. Nbd2 Ng4 18. Bxg4 Bxg4 19. f3 Bf5 20. Rfe1 Qd7 21. Qb3 h6
22. g4 Bxg4 23. fxg4 Qxg4+ 24. Ng3 Nh3+ 25. Kg2 Rf7 26. Rf1 Nf4+ 27. Kh1 Raf8
28. Qd1 Qh3 29. Qf3 e4 30. Qxe4 Bxa1 31. Rxf4 Rxf4 32. Bxf4 g5 33. Be3 Qd7 34.
Kg2 Be5 35. Qg6+ Bg7 36. Bd4 Rf7 37. Bxg7 Rxg7 38. Qxh6 Rh7 39. Qxg5+ Rg7 40.
Qe3 Kh8 41. Qh6+ Kg8 42. Qe6+ Qxe6 43. dxe6 Rg6 44. e7 Kf7 45. h4 Kxe7 46. Nf3
Rg4 47. Nd2 Kf6 48. Kh3 Rd4 49. Nge4+ Kf5 50. h5 Rd3+ 51. Kh4 Rd4 52. h6 Kg6 53.
Kg4 Kxh6 54. Kf5 d5 55. Ke5 Rd3 56. cxd5 Ra3 57. Kd4 Rxa2 58. Kc3 Ra1 59. Nc5 b6
60. Ne6 Ra3+ 61. Nb3 a5 62. bxa5 bxa5 63. Kb2 Ra4 64. Nxc7 Rb4 65. d6 Rb6 66. d7
Rd6 67. Nc5 Rxd7 68. Nxd7 Kg6 69. Ka3 {Game drawn by mutual agreement} 1/2-1/2

[Event "Team 45 45 League T37"]
[Site "Internet Chess Club"]
[Date "2008.05.23"]
[Round "5"]
[White "allanchs"]
[Black "fredd"]
[Result "1-0"]
[WhiteElo "1543"]
[BlackElo "1504"]
[Opening "French: Tarrasch"]
[ECO "C03"]
[Time "16:53:27"]
[TimeControl "2700+45"]

1. e4 e6 2. d4 d5 3. Nd2 dxe4 4. Nxe4 Nf6 5. Nxf6+ Qxf6 6. Nf3 Bd6 7. Bd3 Bf4 8.
Qe2 Nd7 9. O-O O-O 10. Qe4 Bxh2+ 11. Nxh2 g6 12. Nf3 Qe7 13. Bh6 Re8 14. Rfe1 f5
15. Qe2 Nf6 16. Bg5 Qf7 17. Ne5 Rf8 18. Nxf7 Rxf7 19. Bxf6 Rxf6 20. Qe5 Rf7 21.
d5 Re7 22. dxe6 Bxe6 23. Bc4 Rae8 24. Bxe6+ Rxe6 25. Qxe6+ Rxe6 26. Rxe6 {Black
resigns} 1-0

[Event "Team 45 45 League T37"]
[Site "Internet Chess Club"]
[Date "2008.05.22"]
[Round "5"]
[White "scar99"]
[Black "KrutoyChelovek"]
[Result "0-1"]
[WhiteElo "1375"]
[BlackElo "1503"]
[Opening "Scotch game"]
[ECO "C45"]
[Time "11:58:41"]
[TimeControl "2700+45"]

1. e4 e5 2. Nf3 Nc6 3. d4 exd4 4. Nxd4 Qf6 5. Be3 Bb4+ 6. c3 Ba5 7. b4 Bb6 8.
Bc4 Nge7 9. O-O d6 10. Nb5 a6 11. Bxb6 axb5 12. Bxb5 cxb6 13. Qd2 O-O 14. Qe3
Be6 15. a3 Qg6 16. Nd2 d5 17. exd5 Nxd5 18. Bc4 Nxe3 {White resigns} 0-1

[Event "Team 45 45 League T37"]
[Site "Internet Chess Club"]
[Date "2008.05.23"]
[Round "5"]
[White "Ernie1"]
[Black "John3v16"]
[Result "1/2-1/2"]
[WhiteElo "1681"]
[BlackElo "1768"]
[Opening "King's Indian: Andersson variation"]
[ECO "E92"]
[Time "21:30:26"]
[TimeControl "2700+45"]

1. d4 Nf6 2. c4 g6 3. Nc3 Bg7 4. Nf3 O-O 5. e4 d6 6. Be2 e5 7. dxe5 dxe5 8. Qxd8
Rxd8 9. Nxe5 Nxe4 10. Nxf7 Bxc3+ 11. bxc3 Rf8 12. Nh6+ Kg7 13. Bf3 Re8 14. O-O
Nxc3 15. Bb2 Kxh6 16. Bxc3 c6 17. Rfe1 Bd7 18. Rxe8 Bxe8 19. Re1 Bf7 20. Re7
Bxc4 21. Re8 Bxa2 22. Be5 Nd7 23. Rxa8 Nxe5 24. Rxa7 Nxf3+ 25. gxf3 Bd5 26. Rxb7
Bxf3 27. Rf7 Be2 28. Rc7 Bf3 29. Rf7 Be2 30. Rc7 Bf3 31. Rf7 Be2 {Game drawn by
repetition} 1/2-1/2

[Event "Team 45 45 League T37"]
[Site "Internet Chess Club"]
[Date "2008.05.23"]
[Round "5"]
[White "OGO"]
[Black "NESKAYA"]
[Result "0-1"]
[WhiteElo "1620"]
[BlackElo "1506"]
[Opening "Petrov: Cozio (Lasker) attack"]
[ECO "C42"]
[Time "12:00:51"]
[TimeControl "2700+45"]

1. e4 e5 2. Nf3 Nf6 3. Nxe5 d6 4. Nf3 Nxe4 5. Qe2 Qe7 6. d3 Nf6 7. Nc3 Qxe2+ 8.
Bxe2 c6 9. O-O Be7 10. Bg5 Bg4 11. Rfe1 O-O 12. Nd4 Bd7 13. Bg4 Bxg4 14. Rxe7
Nbd7 15. Bxf6 Nxf6 16. Rxb7 c5 17. Ndb5 Bc8 18. Rxa7 Rxa7 19. Nxa7 Bd7 20. Nab5
d5 21. Re1 d4 22. Re7 dxc3 23. Rxd7 Nxd7 {White resigns} 0-1

[Event "Team 45 45 League T37"]
[Site "Internet Chess Club"]
[Date "2008.05.26"]
[Round "5"]
[White "Warpdrive"]
[Black "dondel"]
[Result "1/2-1/2"]
[WhiteElo "1704"]
[BlackElo "1477"]
[Opening "Sicilian: Richter-Rauzer"]
[ECO "B60"]
[Time "19:55:27"]
[TimeControl "2700+45"]

1. e4 c5 2. Nf3 Nc6 3. d4 cxd4 4. Nxd4 Nf6 5. Nc3 d6 6. Bg5 Bg4 7. f3 Nxd4 8.
Qxd4 e5 9. Qe3 Bd7 10. O-O-O h6 11. Bxf6 gxf6 12. Bc4 Rc8 13. Bb3 Qa5 14. Nd5
Bg7 15. Qd2 Qxd2+ 16. Rxd2 h5 17. Rf1 Bb5 18. Rff2 Kd7 19. f4 Rhf8 20. fxe5 fxe5
21. Nf6+ Ke7 22. Nd5+ Kd7 23. Rf5 Bh6 24. Rxh5 Bxd2+ 25. Kxd2 Rh8 26. Nf6+ Ke7
27. Nd5+ Kd7 28. Nf6+ Ke7 29. Nd5+ {Game drawn by mutual agreement} 1/2-1/2

[Event "Team 45 45 League T37"]
[Site "Internet Chess Club"]
[Date "2008.05.22"]
[Round "5"]
[White "Jester"]
[Black "philbyninety"]
[Result "0-1"]
[WhiteElo "1438"]
[BlackElo "1270"]
[Opening "Nimzo-Indian defense"]
[ECO "E20"]
[Time "21:34:02"]
[TimeControl "2700+45"]

1. d4 e6 2. c4 Nf6 3. Nc3 Bb4 4. Bd2 c5 5. d5 Ba5 6. e4 e5 7. Nf3 d6 8. Be2 Bxc3
9. Bxc3 Nxe4 10. Qc1 Nxc3 11. Qxc3 Bf5 12. O-O O-O 13. Qe3 Qf6 14. Nd2 Qg6 15.
Bf3 Nd7 16. Ne4 Nb6 17. b3 Rad8 18. Rfe1 Nd7 19. Qc1 Nf6 20. Nxf6+ Qxf6 21. Qa3
a6 22. Be4 Bg4 23. Qc1 b5 24. Re3 b4 25. Rg3 Bf5 26. Rf3 g6 27. Qh6 Qg7 28. Qe3
Bxe4 29. Qxe4 f5 30. Qb1 e4 31. Re3 Rfe8 32. Re1 Re7 33. Qc1 Rde8 34. Qg5 e3 35.
fxe3 Rxe3 36. Rab1 Rxe1+ 37. Rxe1 Rxe1+ 38. Kf2 Qe7 39. Qxe7 Rxe7 {White
resigns} 0-1

[Event "Team 45 45 League T37"]
[Site "Internet Chess Club"]
[Date "2008.05.25"]
[Round "5"]
[White "mcplayerus"]
[Black "chesswooog"]
[Result "0-1"]
[WhiteElo "1993"]
[BlackElo "2169"]
[Opening "Queen's gambit declined"]
[ECO "D30"]
[Time "13:00:12"]
[TimeControl "2700+45"]

1. d4 d5 2. c4 e6 3. Nf3 Be7 4. Nc3 a6 5. e4 dxe4 6. Nxe4 Nf6 7. Bd3 Nc6 8. O-O
Nxd4 9. Bf4 c5 10. Ne5 O-O 11. Re1 Bd7 12. Re3 Nxe4 13. Bxe4 f5 14. Bxb7 Ra7 15.
Nxd7 Qxd7 16. Bf3 Bf6 17. Rc1 Re8 18. Rd3 g5 19. Bd2 Rd8 20. Kh1 g4 21. Be2 e5
22. Ba5 e4 23. Rxd4 cxd4 24. Bxd8 Qxd8 25. Bxg4 fxg4 26. Qxg4+ Kh8 27. Qxe4 d3
28. Rd1 Re7 29. Qf5 Bxb2 30. h3 d2 31. Rxd2 Re1+ 32. Kh2 Qb8+ 33. g3 Qa8 34. Qd5
Qxd5 35. cxd5 Ba3 36. d6 Re8 37. Rd5 Bb4 38. Kg2 Rd8 39. d7 Kg7 40. Kf3 Kf6 41.
Ke4 Ke6 42. Rh5 Kxd7 43. a3 Be1 44. Rxh7+ Kc6 45. Rf7 Rh8 46. h4 Kb5 47. Kd5
Rh5+ 48. Ke6 Ka4 49. Rf3 a5 50. Kf6 Rc5 51. g4 Bc3+ 52. Kg6 Kxa3 53. h5 a4 54.
h6 Kb2 55. h7 Rc8 56. Rxc3 Kxc3 57. Kg7 a3 58. h8=Q Rxh8 59. Kxh8 a2 60. g5 a1=Q
61. g6 Qa8+ 62. Kh7 Qh1+ 63. Kg8 Qd5+ 64. Kh8 Qd8+ 65. Kh7 Qh4+ 66. Kg8 Qxf2 67.
g7 Qf5 68. Kh8 Qh5+ 69. Kg8 Kd4 70. Kf8 Qf5+ 71. Ke7 Qg6 72. Kf8 Qf6+ 73. Kg8
Ke5 74. Kh7 Qf7 75. Kh8 Qh5+ 76. Kg8 Kf6 {White resigns} 0-1

[Event "Team 45 45 League T37"]
[Site "Internet Chess Club"]
[Date "2008.05.24"]
[Round "5"]
[White "GambitBandit"]
[Black "Ser-Enigma"]
[Result "1/2-1/2"]
[WhiteElo "2109"]
[BlackElo "2124"]
[Opening "Queen's pawn game"]
[ECO "D04"]
[Time "14:07:17"]
[TimeControl "2700+45"]

1. d4 Nf6 2. Nf3 d5 3. e3 c5 4. dxc5 Qa5+ 5. Nbd2 e6 6. Bd3 Nbd7 7. O-O Nxc5 8.
Nb3 Nxb3 9. cxb3 Be7 10. Bd2 Qb6 11. Bc3 O-O 12. Ne5 Bd7 13. Bd4 Qa5 14. Qe2
Rfc8 15. Rac1 a6 16. a4 Be8 17. Rc2 Rc7 18. Bc3 Qb6 19. Rfc1 Rac8 20. a5 Qxb3
21. Nxf7 Kxf7 22. Bxf6 Rxc2 23. Rxc2 Rxc2 24. Bxc2 Qa2 25. Bc3 Qa1+ 26. Qf1
Qxf1+ 27. Kxf1 Bb5+ 28. Ke1 h6 29. Kd2 Bf6 30. f4 g5 31. g3 gxf4 32. exf4 d4 33.
Bb4 e5 34. fxe5 Bxe5 35. Be4 Bc6 36. Bxc6 bxc6 37. Kd3 Ke6 38. Ke4 h5 39. Ba3
Bc7 40. Bb4 Be5 41. b3 d3 42. Kxd3 Kd5 43. Bc3 Bd6 44. Ke3 c5 45. Kf3 c4 46.
bxc4+ Kxc4 47. Be1 Kd5 48. h3 Ke5 49. g4 hxg4+ 50. hxg4 Kf6 51. Bd2 Bc7 52. Ke4
Kg6 53. Bb4 Kg5 54. Kf3 Kg6 55. Be1 Kg5 56. Bc3 Kg6 57. Bd2 Kf6 58. Ke4 {Game
drawn by mutual agreement} 1/2-1/2

[Event "Team 45 45 League T37"]
[Site "Internet Chess Club"]
[Date "2008.05.25"]
[Round "5"]
[White "DeLaSalle"]
[Black "Fidius"]
[Result "1/2-1/2"]
[WhiteElo "2010"]
[BlackElo "1989"]
[Opening "Levitsky attack (Queen's bishop attack)"]
[ECO "D00"]
[Time "15:02:17"]
[TimeControl "2700+45"]

1. d4 d5 2. Bg5 Nd7 3. e3 Ngf6 4. Nf3 c6 5. c3 h6 6. Bh4 Ne4 7. Bd3 g5 8. Bg3
Nxg3 9. hxg3 Bg7 10. Nbd2 e5 11. dxe5 Nxe5 12. Nxe5 Bxe5 13. Nf3 Bg7 14. Qc2 Bd7
15. O-O-O Qe7 16. Nd4 O-O-O 17. Nf5 Bxf5 18. Bxf5+ Kb8 19. g4 {Game drawn by
mutual agreement} 1/2-1/2

[Event "Team 45 45 League T37"]
[Site "Internet Chess Club"]
[Date "2008.05.24"]
[Round "5"]
[White "basserben"]
[Black "Dan777"]
[Result "0-1"]
[WhiteElo "1607"]
[BlackElo "1891"]
[Opening "Scotch game"]
[ECO "C45"]
[Time "10:29:33"]
[TimeControl "2700+45"]

1. e4 e5 2. Nf3 Nc6 3. d4 exd4 4. Nxd4 Bc5 5. Be3 Qf6 6. c3 Nge7 7. Bc4 Bb6 8.
O-O d6 9. f4 Bd7 10. Qd3 Qg6 11. Nxc6 Nxc6 12. Bxb6 axb6 13. Nd2 O-O 14. a3 Kh8
15. Rae1 Rae8 16. f5 Qf6 17. Nf3 Ne5 18. Nxe5 Rxe5 19. Re3 Bc6 20. Bd5 Rfe8 21.
Bxc6 bxc6 22. Rfe1 Qe7 23. Kf2 Qh4+ 24. Kg1 Qe7 25. Kf2 g6 26. fxg6 hxg6 27. Qd4
Kg7 28. g3 f6 29. h4 Qe6 30. Kf3 c5 31. Qd5 Rxd5 32. exd5 Qf5+ {White resigns}
0-1

[Event "Team 45 45 League T37"]
[Site "Internet Chess Club"]
[Date "2008.05.24"]
[Round "5"]
[White "forketta"]
[Black "Folgers"]
[Result "0-1"]
[WhiteElo "2005"]
[BlackElo "2072"]
[Opening "QGD semi-Slav: Ekstrom variation"]
[ECO "D44"]
[Time "10:19:30"]
[TimeControl "2700+45"]

1. d4 d5 2. c4 c6 3. Nf3 Nf6 4. Nc3 e6 5. Bg5 dxc4 6. e4 b5 7. e5 h6 8. Bh4 g5
9. exf6 gxh4 10. Ne5 Qxf6 11. g3 a5 12. Bg2 Ra6 13. Qe2 Bb4 14. O-O Bxc3 15.
bxc3 O-O 16. Rab1 Bd7 17. Rfe1 a4 18. Kh1 Ra7 19. Nxd7 Rxd7 20. Qg4+ Qg5 21. Qf3
hxg3 22. Re4 Kh8 23. Rg4 Qf5 {White resigns} 0-1

[Event "Team 45 45 League T37"]
[Site "Internet Chess Club"]
[Date "2008.05.25"]
[Round "5"]
[White "BadHabitMarco"]
[Black "jonesey"]
[Result "1-0"]
[WhiteElo "1928"]
[BlackElo "1958"]
[Opening "Ruy Lopez: Anderssen variation"]
[ECO "C77"]
[Time "13:02:41"]
[TimeControl "2700+45"]

1. e4 e5 2. Nf3 Nc6 3. Bb5 a6 4. Ba4 Nf6 5. d3 d6 6. c3 Bd7 7. Nbd2 g6 8. Nf1
Bg7 9. Ng3 O-O 10. O-O Qe7 11. Re1 Kh8 12. h3 Rae8 13. Bc2 Qd8 14. d4 Qc8 15. a4
Ng8 16. d5 Nce7 17. c4 f5 18. b4 Nf6 19. Bb2 f4 20. Nf1 h6 21. Rc1 g5 22. c5 g4
23. hxg4 Bxg4 24. Qd3 Rg8 25. cxd6 cxd6 26. Bb1 Qd7 27. b5 Ng6 28. bxa6 bxa6 29.
Rc6 Nh7 30. Rec1 Bf6 31. N1h2 Ne7 32. Rxa6 Ng5 33. Nxg5 Rxg5 34. Nf3 Bxf3 35.
Qxf3 Reg8 36. Bd3 Rg3 {Black resigns} 1-0

[Event "Team 45 45 League T37"]
[Site "Internet Chess Club"]
[Date "2008.05.25"]
[Round "5"]
[White "rookending34"]
[Black "smitty120"]
[Result "1-0"]
[WhiteElo "1963"]
[BlackElo "1969"]
[Opening "Ruy Lopez: Treybal (Bayreuth) variation (exchange var. deferred)"]
[ECO "C77"]
[Time "09:07:38"]
[TimeControl "2700+45"]

1. e4 e5 2. Nf3 Nc6 3. Bb5 a6 4. Ba4 Nf6 5. Bxc6 dxc6 6. d3 Qd6 7. Nbd2 Be6 8.
b3 h6 9. O-O Be7 10. a4 Nd7 11. Ba3 c5 12. Nc4 Bxc4 13. dxc4 Qg6 14. Qxd7+ Kxd7
15. Nxe5+ Ke6 16. Nxg6 fxg6 17. Bb2 Bf6 18. e5 Be7 19. Rae1 Rhb8 20. Re4 b5 21.
cxb5 axb5 22. axb5 Rxb5 23. Ra1 Rd8 24. Bc3 Kf5 25. f3 Rb7 26. e6 Bf6 27. e7 Re8
28. g4+ Kg5 29. h4+ Kxh4 30. Be1+ Kh3 31. Re2 Bd4+ 32. Kh1 {Black resigns} 1-0

[Event "Team 45 45 League T37"]
[Site "Internet Chess Club"]
[Date "2008.05.25"]
[Round "5"]
[White "Avedldesierto"]
[Black "Budzo"]
[Result "1-0"]
[WhiteElo "1807"]
[BlackElo "1741"]
[Opening "French defense"]
[ECO "C00"]
[Time "17:05:47"]
[TimeControl "2700+45"]

1. e4 e6 2. c3 d5 3. exd5 exd5 4. d4 Nf6 5. Bd3 Be6 6. Nf3 Bd6 7. O-O O-O 8. Re1
c6 9. g3 Bg4 10. Nbd2 Nbd7 11. Nf1 Re8 12. Rxe8+ Qxe8 13. Ne3 Bh5 14. Nf5 Bc7
15. N5h4 c5 16. dxc5 Nxc5 17. Be2 Nce4 18. Nd4 Bxe2 19. Qxe2 Qd7 20. Nhf5 Re8
21. Qb5 Qc8 22. f3 Nd6 23. Nxd6 Bxd6 24. Bg5 Nd7 25. Rd1 Bc5 26. Kh1 Bxd4 27.
Rxd4 Nb6 28. Bd2 Qe6 29. b3 a6 30. Qf1 Nd7 31. Rd3 Nf6 32. Re3 Qc6 33. Qd3 Rc8
34. Kg2 Qd6 35. Re2 Nd7 36. c4 Nf6 37. Bg5 Qc6 38. Rc2 b5 39. c5 Nd7 40. Bf4 b4
41. Bd6 a5 42. Qd4 Nf6 43. Rd2 Ne8 44. Qxd5 Qd7 45. Be5 Qb5 46. Bd6 Rd8 47. Qd3
Qxd3 48. Rxd3 Nxd6 49. cxd6 Kf8 50. f4 Ke8 51. Kf3 Kd7 52. Rd5 Ra8 53. Ke4 Ra6
54. Rf5 f6 55. Rb5 Kxd6 56. Rb7 g6 57. Rxh7 Ke6 58. Rg7 f5+ 59. Ke3 Kf6 60. Rc7
Re6+ 61. Kf3 Rd6 62. Ra7 Rd5 63. Ra6+ Kf7 64. Ke3 Kg7 65. Re6 Rc5 66. Re5 Rc2
67. Rxa5 Rxh2 68. Ra4 Rg2 69. Rxb4 Rxa2 70. Rb7+ Kf6 71. Rd7 Rb2 72. Rd3 g5 73.
Kd4 gxf4 74. gxf4 Rf2 75. Ke3 Rb2 76. Rd6+ Ke7 77. Rb6 Rb1 78. Kd4 Re1 79. Kc5
Rf1 80. Rb4 Rf3 81. Kd5 Re3 82. Rb7+ Kf6 83. Rb6+ Ke7 84. Rb4 Kf6 85. Kd6 Rd3+
86. Kc6 Rf3 87. Kb5 Rd3 88. Ka4 Rd1 89. Rc4 Ra1+ 90. Kb5 Rd1 91. Kc6 Ke6 92. b4
Rd6+ 93. Kc5 Rd5+ 94. Kb6 Rd1 95. b5 Kd5 96. Rc5+ Ke4 97. Rc4+ Kd5 98. Rb4 Re1
99. Rb2 Re4 100. Ka5 Re8 101. b6 Ra8+ 102. Kb5 Kd6 103. Rc2 Rb8 104. Ka6 Ra8+
105. Kb7 Ra4 106. Rf2 Kd7 107. Kb8 Rb4 108. b7 Kc6 109. Kc8 {Black resigns} 1-0

[Event "Team 45 45 League T37"]
[Site "Internet Chess Club"]
[Date "2008.05.26"]
[Round "5"]
[White "TyJohansen"]
[Black "Cotesita"]
[Result "0-1"]
[WhiteElo "1534"]
[BlackElo "1661"]
[Opening "Sicilian: closed"]
[ECO "B24"]
[Time "19:30:44"]
[TimeControl "2700+45"]

1. e4 c5 2. Nc3 Nc6 3. g3 e6 4. Bg2 Nf6 5. d3 d5 6. exd5 exd5 7. Nge2 Be6 8. O-O
Be7 9. Re1 O-O 10. Nf4 Qd7 11. Nxe6 fxe6 12. Bg5 h6 13. Bf4 Bd6 14. Bxd6 Qxd6
15. Qd2 Rae8 16. Bh3 Nd4 17. Bg2 Ng4 18. f4 Rf5 19. Ne2 e5 20. Nxd4 cxd4 21. Bh3
h5 22. Bxg4 hxg4 23. Re2 e4 24. dxe4 dxe4 25. Rae1 Qd5 26. Re3 dxe3 27. Qxe3 Qc5
28. Kf2 Qxe3+ 29. Kxe3 Rc5 30. Re2 Rec8 31. c3 Kf7 32. Rd2 Rc4 33. Rd5 R8c5 34.
Rd7+ Kf6 35. Rxb7 Ra5 36. a3 Rh5 37. Rxa7 Rxh2 38. Ra6+ Kf7 39. Ra7+ Kg6 40.
Ra6+ Kh7 41. f5 Rxb2 42. Kf4 Rf2+ 43. Ke3 Rf3+ 44. Kd2 Rcxc3 45. Re6 Rxa3 46.
Rxe4 Ra2+ 47. Ke1 Rxg3 48. Kf1 Rb3 49. Re1 g3 50. Kg1 Rbb2 {White resigns} 0-1

[Event "Team 45 45 League T37"]
[Site "Internet Chess Club"]
[Date "2008.05.25"]
[Round "5"]
[White "stakastra"]
[Black "chicopee-ed"]
[Result "1/2-1/2"]
[WhiteElo "1497"]
[BlackElo "1501"]
[Opening "King's pawn opening"]
[ECO "B07"]
[Time "13:00:13"]
[TimeControl "2700+45"]

1. e4 d6 2. Nc3 Nf6 3. Nf3 e5 4. h3 c6 5. Bc4 h6 6. O-O Nbd7 7. d4 Qc7 8. Be3
Be7 9. Bd3 O-O 10. Rc1 a6 11. Ne2 d5 12. Ng3 dxe4 13. Nxe4 Nxe4 14. Bxe4 Nf6 15.
Qd3 Nxe4 16. Qxe4 exd4 17. Bxd4 Be6 18. b3 Qa5 19. a4 Qd5 20. Qe5 Qxe5 21. Bxe5
Rad8 22. Rfe1 Rd7 23. Bb2 Bd6 24. Ne5 Bxe5 25. Bxe5 Rfd8 26. Bf4 Bf5 27. Re5
Rd1+ 28. Rxd1 Rxd1+ 29. Kh2 Bxc2 30. Re7 Bxb3 31. Rxb7 Bxa4 32. Rb8+ Kh7 33. Rb7
Kg8 34. Rb8+ Kh7 35. Rb7 Kg8 36. Rb8+ Kh7 37. Rb7 Kg8 {Game drawn by repetition}
1/2-1/2

[Event "Team 45 45 League T37"]
[Site "Internet Chess Club"]
[Date "2008.05.25"]
[Round "5"]
[White "smsxman"]
[Black "Tomate"]
[Result "0-1"]
[WhiteElo "1457"]
[BlackElo "1469"]
[Opening "Danish gambit"]
[ECO "C21"]
[Time "14:14:17"]
[TimeControl "2700+45"]

1. e4 e5 2. d4 exd4 3. c3 dxc3 4. Bc4 d6 5. Nxc3 Be6 6. b3 Bxc4 7. bxc4 Nc6 8.
Nf3 Qf6 9. Bb2 Qg6 10. O-O O-O-O 11. Rb1 Nf6 12. Re1 Nh5 13. Nh4 Qg5 14. Nf3 Qg6
15. Nh4 Qg5 16. g3 Be7 17. Bc1 Qa5 18. Bd2 g6 19. Rb5 Qa6 20. Qg4+ Kb8 21. Reb1
b6 22. Qf3 Bxh4 23. gxh4 Nd4 24. Qxf7 Nxb5 25. Nxb5 Qb7 26. Rb3 Rdf8 27. Qe7 Nf4
28. Bxf4 Rxf4 29. Ra3 a6 30. Rxa6 Rxe4 31. Ra8+ Kxa8 32. Nxc7+ Kb8 33. Na6+ Ka7
34. Qxb7+ Kxb7 35. Nb4 Rxc4 36. Nd5 Rxh4 37. Kg2 Ra8 38. Nc3 Ra3 39. Nb5 Rg4+
40. Kf1 Rd3 41. Ke2 Rd5 42. Nc3 Ra5 43. h3 Rh4 44. a4 Rxh3 45. Nb5 Kc6 46. Nd4+
Kd5 47. Nb5 Rxa4 48. f3 Ra2+ 49. Ke3 Kc5 50. Nc3 Ra3 51. Kd2 Kc4 52. Ne4 Rh2+
53. Nf2 Rxf2+ 54. Ke1 Raxf3 55. Kd1 Rh3 56. Ke1 Ra2 {White resigns} 0-1